 Dungeon Crawl Stone Soup version 0.30-a0-568-g124715a40b (webtiles) character file.

Game seed: 15752968670707605786

16 sokol815 the Sneak (level 2, -4/19 HPs)
             Began as a Kobold Delver on Dec 28, 2022.
             Killed by nerve-wracking pain
             ... invoked by Grinder
              (14 damage)
             ... on level 3 of the Dungeon.
             The game lasted 00:01:14 (381 turns).

sokol815 the Sneak (Kobold Delver)                   Turns: 381, Time: 00:01:14

Health: -4/19      AC:  5    Str:  9    XL:     2   Next: 75%
Magic:  2/2        EV: 13    Int: 11    God:
Gold:   41         SH:  0    Dex: 16    Spells: 1/1 levels left

rFire   . . .      SeeInvis .    a - +0 short sword
rCold   . . .      Faith    .    (no shield)
rNeg    . . .      Spirit   .    e - +0 ring mail
rPois   .          Reflect  .    (no helmet)
rElec   .          Harm     .    (no cloak)
rCorr   .          Rampage  .    (no gloves)
Will    .....                    (no boots)
Stlth   ++++                     (no amulet)
HPRegen 0.23/turn                (no ring)
MPRegen 0.08/turn                (no ring)

@: no status effects
A: small, no large weapons, nightstalker 3
a: no special abilities


You were on level 3 of the Dungeon.
You visited 1 branch of the dungeon, and saw 4 of its levels.

You collected 41 gold pieces.

Inventory:

Hand Weapons
 a - a +0 short sword (weapon)
Armour
 b - a +0 leather armour
 e - a +0 ring mail (worn)
   (You found it on level 5 of the Dungeon)
Wands
 d - a wand of digging (3)
 q - a wand of flame (18)
   (You found it on level 4 of the Dungeon)
Scrolls
 c - a scroll of fog
 E - 2 scrolls of fear
 X - a scroll of magic mapping {@r4!r}
Potions
 f - 2 potions of cancellation {unknown}
 H - a potion of haste


   Skills:
 - Level 3.2 Fighting
 + Level 4.2 Short Blades
 - Level 2.4 Dodging
 - Level 6.6 Stealth


You had one spell level left.
You didn't know any spells.
Your spell library was empty.

Dungeon Overview and Level Annotations

Branches:
Dungeon (5/15) Zot: 23624
 Temple: D:4-7

Altars:
Kikubaaqudgha

Annotations:
D:3 exclusion: upstairs, Grinder


Innate Abilities, Weirdness & Mutations

You are small and have problems with some larger weapons.
You are completely attuned to the shadows.


Message History

You barely miss the quokka. The quokka misses you.
You hit the quokka.
You kill the quokka!
No target in view!
There is a stone staircase leading up here.
Health restored: 14 You climb upwards.
There is a stone staircase leading down here.
You see here a +0 robe. 2 gnolls come into view.
The gnoll shouts! x2
A gnoll comes into view. It is wielding a +0 whip.
You see here a +0 robe.
A giant cockroach comes into view.
The giant cockroach misses you.
There is a stone staircase leading down here.
The giant cockroach bites you but does no damage.
The gnoll hits you from afar with a +0 halberd!
Ouch! That really hurt!
You climb downwards.
There is a stone staircase leading up here.
You take 7 damage, and have 7/14 hp.
MASSIVE DAMAGE!!
You barely miss the giant cockroach.
The giant cockroach bites you but does no damage.
You hit the giant cockroach. The giant cockroach barely misses you.
You closely miss the giant cockroach. The giant cockroach closely misses you.
You closely miss the giant cockroach. The giant cockroach closely misses you.
You hit the giant cockroach but do no damage.
The giant cockroach barely misses you.
You hit the giant cockroach but do no damage.
The giant cockroach bites you but does no damage.
You hit the giant cockroach. The giant cockroach barely misses you.
You closely miss the giant cockroach.
The giant cockroach completely misses you.
You hit the giant cockroach but do no damage.
The giant cockroach bites you but does no damage.
You hit the giant cockroach.
The giant cockroach bites you but does no damage.
You hit the giant cockroach but do no damage.
The giant cockroach bites you but does no damage.
You barely miss the giant cockroach. The giant cockroach closely misses you.
You hit the giant cockroach.
You kill the giant cockroach!
Things that are here:
a giant cockroach corpse; a quokka corpse A stone staircase leading up.
You start resting.
Health restored: 14
There is a stone staircase leading up here.
E - 2 scrolls of fear (gained 1)
Found a stone staircase leading down.
A frilled lizard comes into view.
There is a dry fountain here.
You closely miss the frilled lizard. The frilled lizard misses you.
You closely miss the frilled lizard. You hit the frilled lizard.
You kill the frilled lizard!
No target in view!
No target in view!
Found an ancient bone altar of Kikubaaqudgha.
An adder comes into view.
The helpless adder fails to defend itself.
You impale the adder!!
You kill the adder!
Your Short Blades skill increases to level 4!
You have reached level 2!
Health restored: 19; MP restored: 2 You now have 13 gold pieces.
A goblin comes into view. It is wielding a +0 club.
The helpless goblin fails to defend itself.
You impale the goblin!!
You kill the goblin!
f - 2 viscous sapphire potions You see here a +0 club.
You now have 28 gold pieces (gained 15).
You now have 41 gold pieces (gained 13).
A ball python comes into view.
The ball python hisses angrily.
You hit the ball python. The ball python completely misses you.
The ball python barely misses you.
You hit the ball python.
You kill the ball python!
No target in view!
No target in view!
You see here a ball python corpse.
You see here a +0 chain mail.
You see here a +0 robe.
Grinder comes into view.
Grinder shouts!
Grinder gestures at you. Pain shoots through your body!
You take 9 damage, and have 10/19 hp.
MASSIVE DAMAGE!!
Aim: Grinder (64% to hit)
The puff of flame hits Grinder.
Grinder gestures at you. Pain shoots through your body!
Ouch! That really hurt!
You die...

...##..##...#
###[.#....# #
...#..####..#
###..#####..
# .....##
..#####..[##
# # ...###
.#...#.### #
#### #...#.#
# ....#.# ##
......# #.
.....## #.
####@# #.
5...?..#
######.
.......#
#...)..
.........
#......
.......##
#......
#......
#......
#......
#######


You could see Grinder.

Vanquished Creatures
  An adder (D:3)
  An orc (D:4)
  A giant cockroach (D:3)
  A goblin (D:3)
  A quokka (D:3)
  A ball python (D:3)
  A frilled lizard (D:3)
7 creatures vanquished.

Notes
Turn   | Place    | Note
-------+----------+-------------------------------------------
     0 | D:5      | sokol815 the Kobold Delver began the quest for the Orb.
     0 | D:5      | Reached XP level 1. HP: 14/14 MP: 1/1
    50 | D:4      | Reached skill level 3 in Short Blades
   213 | D:3      | Found an ancient bone altar of Kikubaaqudgha.
   220 | D:3      | Reached skill level 4 in Short Blades
   220 | D:3      | Reached XP level 2. HP: 19/19 MP: 2/2
   380 | D:3      | Noticed Grinder
   381 | D:3      | Killed from afar by Grinder

Illustrated notes

Levels and vault maps discovered:
D:2:      layout_basic, minmay_misc_feat_secret_circle
D:3:      layout_rooms, kiku_gazebo_pond_becter, nicolae_dithmenos_the_darkroom,
          uniq_grinder
D:4:      layout_basic, slow_altar_2, serial_shops,
          nicolae_shop_temple_entry_statues_fountains, pf_guarded_unrand_meek
D:5:      layout_basic, fedhas_altar_1, worldfamousw_hep_ancestral_shrine,
          minmay_temple_entry_mist, kennysheep_generic_room_2

Skill      XL: |  1 |
---------------+----+-----
Short Blades   | 4 |  4.2
Fighting       | |  3.2
Dodging        | |  2.4
Stealth        | |  6.6

Action                   || total
-------------------------++-------
Melee: Short sword       ||    38
Evoke: Wand              ||     1
 Stab: Sleeping          ||     2
Armor: Ring mail         ||     6
Dodge: Dodged            ||    23

Table legend: (Time is in decaauts)
 A = Elapsed time spent in this place.
 B = Non-inter-level travel time spent in this place.
 C = Inter-level travel time spent in this place.
 D = Time resting spent in this place.
 E = Time spent auto-exploring this place.
 F = Levels seen in this place.
 G = Mean time per level.
                   A        B        C        D        E       F      G
               +--------+--------+--------+--------+--------+-----+--------+
         Total |    374 |    374 |      0 |     15 |    234 |   4 |   93.5 |
       Dungeon |    374 |    374 |      0 |     15 |    234 |   4 |   93.5 |
               +--------+--------+--------+--------+--------+-----+--------+

Top non-repeatable levels by time:
     D:3: 267 daAuts
     D:2: 37 daAuts
     D:5: 37 daAuts
     D:4: 32 daAuts

Table legend:
 A = Kills in this place as a percentage of kills in entire the game.
 B = Kills by you in this place as a percentage of kills by you in the entire game.
 C = Kills by friends in this place as a percentage of kills by friends in the entire game.
 D = Other kills in this place as a percentage of other kills in the entire game.
 E = Experience gained in this place as a percentage of experience gained in the entire game.
 F = Experience gained in this place divided by the number of levels of this place that you have seen.
                   A       B       C       D       E      F
               +-------+-------+-------+-------+-------+----------------------
         Total | 100.0 | 100.0 |   N/A |   N/A | 100.0 |   6.0
       Dungeon | 100.0 | 100.0 |   N/A |   N/A | 100.0 |   6.0
               +-------+-------+-------+-------+-------+----------------------
